 Dungeon Crawl Stone Soup version 0.22.1-1-ga44c0e56f4 (webtiles) character file.

129 Knicklaso the Digger (level 5, -6/28 HPs)
             Began as a Gargoyle Earth Elementalist on Oct 5, 2018.
             Killed by divine providence
             ... invoked by an orc priest
              (12 damage)
             ... on level 3 of the Dungeon.
             The game lasted 00:05:42 (1921 turns).

Knicklaso the Digger (Gargoyle Earth Elementalist)  Turns: 1921, Time: 00:05:43

Health: -6/28      AC:  6    Str: 12    XL:     5   Next: 12%
Magic:  4/9        EV: 12    Int: 16    God:
Gold:   138        SH:  0    Dex: 10    Spells: 9/10 levels left

rFire    . . .     SeeInvis .   m - +0 whip (venom)
rCold    . . .     Gourm    .   (no shield)
rNeg     + . .     Faith    .   c - +0 robe
rPois    ∞         Spirit   .   (no helmet)
rElec    +         Reflect  .   (no cloak)
rCorr    .         Harm     .   (no gloves)
MR       .....                  (no boots)
Stlth    ++........             (no amulet)
HPRegen  0.09/turn              (no ring)
MPRegen  0.11/turn              (no ring)

@: no status effects
A: negative energy resistance 1, electricity resistance, unbreathing,
petrification resistance, rot immunity, AC +4
a: no special abilities


You were on level 3 of the Dungeon.
You were hungry.

You visited 1 branch of the dungeon, and saw 3 of its levels.

You collected 138 gold pieces.

Inventory:

Hand Weapons
 m - a +0 whip of venom (weapon)
Missiles
 b - 36 stones (quivered)
Armour
 c - a +0 robe (worn)
Jewellery
 h - a cursed ring of attention {unknown}
 n - an uncursed ring of ice {unknown}
 o - an uncursed amulet of the gourmand {unknown}
Scrolls
 a - a scroll of enchant weapon {unknown}
 e - 3 scrolls of remove curse {unknown}
 l - 2 scrolls of identify {unknown}
 q - a scroll of magic mapping {unknown}
Potions
 f - a potion of degeneration {unknown}
 g - 3 potions of heal wounds {unknown}
 i - a potion of haste {unknown}
 j - a potion of lignification {unknown}
 k - a potion of flight {unknown}
 r - 2 potions of invisibility {unknown}
 s - a potion of might {unknown}
Comestibles
 d - 4 rations


   Skills:
 - Level 1.5 Dodging
 - Level 2.1 Stealth
 + Level 3.1 Spellcasting
   Level 0.7 Transmutations
 * Level 6.0 Earth Magic


You had 9 spell levels left.
You knew the following spells:

 Your Spells              Type           Power        Failure   Level  Hunger
a - Sandblast             Erth           ###...       1%          1    None

Your spell library contained the following spells:

 Spells                   Type           Power        Failure   Level  Hunger
 Passwall                 Tmut/Erth      ##......     7%          2    ##.....
 Stone Arrow              Conj/Erth      ##....       16%         3    ###....
 Lee's Rapid Deconstruct  Erth           ###.......   41%         5    ######.
 Petrify                  Tmut/Erth      ##......     43%         4    ####...


Dungeon Overview and Level Annotations

Branches:
Dungeon (3/15)

Altars:


Innate Abilities, Weirdness & Mutations

You are resistant to torment.
Your stone body is resilient. (AC +4)
You are immune to poison.
You resist negative energy. (rN+)
You are resistant to electric shocks. (rElec)
You can survive without breathing.
You are immune to petrification.
You are immune to rotting.


Message History

Press: ? - help, Shift-Dir - straight line, f - orc wizard
Aim: an orc wizard, wielding a dagger and wearing a robe (fast)
The blast of sand misses the orc wizard.
b - 37 stones The orc wizard hits you but does no damage.
The orc priest closely misses you.
Casting: Sandblast (safe; 1% risk of failure)
Confirm with . or Enter, or press ? or * to list all spells.
Aiming: Sandblast (safe; 1% risk of failure)
Press: ? - help, Shift-Dir - straight line, f/p - orc wizard
Aim: an orc wizard, wielding a dagger and wearing a robe (fast)
The blast of sand hits the orc wizard.
The orc wizard is almost dead.
b - 36 stones The orc wizard hits you with a dagger.
* * * LOW HITPOINT WARNING * * *
The orc wizard completely misses you.
The orc priest invokes the aid of Beogh against you.
Beogh smites you!
You die...

###############
#....o@).......
#.####o########
#.†...######..
#####go.......
#..o......
#..o......
#..........
...#....o...
............#


You could see an orc priest and an orc wizard.

Vanquished Creatures
  An orc wizard (D:3)
  3 adders (D:2)
  An ooze (D:1)
  2 dart slugs
  An orc (D:3)
  A ball python (D:1)
  3 giant cockroaches
  9 goblins
  6 hobgoblins
  6 jackals
  A quokka (D:2)
  9 bats
  4 frilled lizards (D:1)
  7 kobolds
  A leopard gecko skeleton (D:2)
  6 rats
61 creatures vanquished.

Notes
Turn   | Place    | Note
-------+----------+-------------------------------------------
     0 | D:1      | Knicklaso the Gargoyle Earth Elementalist began the quest
                  | for the Orb.
     0 | D:1      | Reached XP level 1. HP: 10/10 MP: 3/3
   176 | D:1      | Reached skill level 4 in Earth Magic
   217 | D:1      | Reached XP level 2. HP: 15/15 MP: 0/5
   462 | D:1      | Reached XP level 3. HP: 12/19 MP: 1/6
  1077 | D:2      | Reached skill level 5 in Earth Magic
  1080 | D:2      | Reached XP level 4. HP: 8/24 MP: 0/8
  1919 | D:3      | Reached skill level 6 in Earth Magic
  1919 | D:3      | Reached XP level 5. HP: 8/28 MP: 6/9
  1921 | D:3      | Killed from afar by an orc priest

Skill      XL: |  1  2  3  4 |
---------------+-------------+-----
Earth Magic    | 4 5 6 |  6.0
Spellcasting   | 3 |  3.1
Dodging        | |  1.5
Stealth        | |  2.1
Transmutations | |  0.7

Action                   |  1- 3 |  4- 6 || total
-------------------------+-------+-------++-------
Melee: Dagger            |    26 |       ||    26
       Whip              |    24 |    78 ||   102
 Cast: Sandblast         |    30 |     6 ||    36
  Eat: Chunk             |       |     3 ||     3
Armor: Robe              |    17 |    56 ||    73
Dodge: Dodged            |    59 |    91 ||   150
